 Dungeon Crawl Stone Soup version 0.30-a0-393-g54b8e3be05 (webtiles) character file.

Game seed: 14151859725493566653

93 NinjaNoafa the Chopper (level 4, 0/41 HPs)
             Began as a Minotaur Berserker on Dec 5, 2022.
             Was a Believer of Trog.
             Killed from afar by Ijyb (13 damage)
             ... with a bolt of light
             ... on level 3 of the Dungeon.
             The game lasted 00:02:38 (1814 turns).

NinjaNoafa the Chopper (Minotaur Berserker)         Turns: 1814, Time: 00:02:38

Health: 0/41       AC:  3    Str: 23    XL:     4   Next: 36%
Magic:  3/3        EV: 12    Int:  4    God:    Trog [**....]
Gold:   87         SH:  0    Dex: 10    Spells: 3/3 levels left

rFire   . . .      SeeInvis .    a - +0 hand axe
rCold   . . .      Faith    .    (no shield)
rNeg    . . .      Spirit   .    k - +0 leather armour
rPois   .          Reflect  .    (helmet restricted)
rElec   .          Harm     .    (no cloak)
rCorr   .          Rampage  .    (no gloves)
Will    ++...                    (no boots)
Stlth   +.........               (no amulet)
HPRegen 1.26/turn                (no ring)
MPRegen 0.08/turn                (no ring)

@: strong-willed, regenerating
A: horns 2, retaliatory headbutt
a: Renounce Religion, Berserk, Trog's Hand


You were on level 3 of the Dungeon.
You worshipped Trog.
Trog was pleased with you.
You visited 1 branch of the dungeon, and saw 3 of its levels.

You collected 87 gold pieces.

Inventory:

Hand Weapons
 a - a +0 hand axe (weapon)
Missiles
 g - 5 stones (quivered)
Armour
 k - a +0 leather armour (worn)
Wands
 l - a wand of roots (3)
Scrolls
 b - a scroll of immolation {unknown}
 c - 4 scrolls of identify {unknown}
 d - a scroll of enchant armour {unknown}
 e - a scroll of magic mapping {unknown}
 f - 2 scrolls of fear {unknown}
 m - a scroll of noise {unknown}
Potions
 h - a potion of mutation {unknown}
 i - a potion of curing {unknown}
 j - a potion of heal wounds {unknown}
 n - a potion of ambrosia {unknown}


   Skills:
 + Level 4.4 Fighting
 + Level 4.4 Axes
 + Level 3.4 Armour
 + Level 3.1 Dodging


You had 3 spell levels left.
You didn't know any spells.
Your spell library was empty.

Dungeon Overview and Level Annotations

Branches:
Dungeon (3/15)

Altars:
Vehumet

Annotations:
D:3 Ijyb


Innate Abilities, Weirdness & Mutations

You have a pair of horns on your head.
You reflexively headbutt those who attack you in melee.


Message History

Ijyb the Twisted Goblin comes into view.
She is wielding a +0 club and carrying a wand of light (7).
Ijyb is nearby!
Ijyb is nearby!
Ijyb is nearby!
Things that are here:
a +0 dagger; a goblin corpse
Okay, then.
Okay, then.
Unknown command.
You hit Ijyb.
Ijyb is lightly wounded.
Ijyb barely misses you.
Ijyb zaps a wand.
The bolt of light hits you!
You hit Ijyb.
Ijyb is moderately wounded.
Ijyb zaps a wand.
The bolt of light hits you.
You are confused.
You bump into the rock wall.
Ijyb zaps a wand.
The bolt of light hits you!
You miss Ijyb. Your headbutt misses Ijyb.
Ijyb is moderately wounded.
Ijyb zaps a wand.
The bolt of light hits you.
* * * LOW HITPOINT WARNING * * *
You bump into the rock wall.
You feel less confused.
Ijyb zaps a wand.
The bolt of light misses you.
Okay, then.
Your skin crawls.
You feel strong-willed. Ijyb hits you with a +0 club.
* * * LOW HITPOINT WARNING * * *
You hit Ijyb but do no damage. You punch Ijyb, but do no damage.
Ijyb is moderately wounded.
Ijyb screams, "I no like you!" Ijyb barely misses you.
You hit Ijyb.
Ijyb is moderately wounded.
Ijyb barely misses you.
You closely miss Ijyb. Your headbutt misses Ijyb.
Ijyb is moderately wounded.
Ijyb zaps a wand.
The bolt of light hits you!
You die...

..# ..#
###..# ....#
##...#
#)<..#
#.)..#
#....#
#@...#
#......g...#
#..........#
#.........##
#.........#
#........##
.........#
.........#


You could see Ijyb.

Vanquished Creatures
  Jessica (D:2)
  An adder (D:2)
  2 worms (D:2)
  A dart slug (D:2)
  An orc (D:3)
  6 ball pythons
  7 endoplasms
  2 giant cockroaches (D:2)
  8 goblins
  4 hobgoblins
  5 kobolds
  A quokka (D:1)
  2 bats
  2 frilled lizards
  A rat (D:3)
44 creatures vanquished.

Notes
Turn   | Place    | Note
-------+----------+-------------------------------------------
     0 | D:1      | NinjaNoafa the Minotaur Berserker began the quest for the
                  | Orb.
     0 | D:1      | Reached XP level 1. HP: 19/19 MP: 0/0
   176 | D:1      | Reached XP level 2. HP: 23/27 MP: 1/1
  1025 | D:2      | Reached ** piety under Trog
  1090 | D:2      | Reached XP level 3. HP: 29/33 MP: 2/2
  1154 | D:2      | Noticed Jessica
  1158 | D:2      | Killed Jessica
  1164 | D:2      | Reached XP level 4. HP: 28/40 MP: 3/3
  1619 | D:2      | Found a radiant altar of Vehumet.
  1802 | D:3      | Noticed Ijyb
  1814 | D:3      | Killed from afar by Ijyb

Illustrated notes

Levels and vault maps discovered:
D:1:      scummos_arrival_hexagon, layout_basic, roderic_roman_lattice
D:2:      layout_basic, basic_altar, kennysheep_path_1, uniq_jessica
D:3:      layout_basic, serial_shops, nicolae_square_shop, uniq_ijyb

Skill      XL: |  1  2  3 |
---------------+----------+-----
Fighting       | 4 |  4.4
Axes           | 4 |  4.4
Armour         | 3 |  3.4
Dodging        | 3 |  3.1

Action                   |  1- 3 |  4- 6 || total
-------------------------+-------+-------++-------
Melee: Hand axe          |    51 |    35 ||    86
       Headbutt          |    10 |     3 ||    13
       Punch             |       |     2 ||     2
Invok: Trog's Hand       |       |     1 ||     1
Armor: Animal skin       |     4 |       ||     4
       Leather armour    |       |     4 ||     4
Dodge: Dodged            |    29 |    17 ||    46

Table legend: (Time is in decaauts)
 A = Elapsed time spent in this place.
 B = Non-inter-level travel time spent in this place.
 C = Inter-level travel time spent in this place.
 D = Time resting spent in this place.
 E = Time spent auto-exploring this place.
 F = Levels seen in this place.
 G = Mean time per level.
                   A        B        C        D        E       F      G
               +--------+--------+--------+--------+--------+-----+--------+
         Total |   1822 |   1763 |     59 |      0 |   1478 |   3 |  607.3 |
       Dungeon |   1822 |   1763 |     59 |      0 |   1478 |   3 |  607.3 |
               +--------+--------+--------+--------+--------+-----+--------+

Top non-repeatable levels by time:
     D:1: 990 daAuts
     D:2: 802 daAuts
     D:3: 30 daAuts
